 Dungeon Crawl Stone Soup version 0.27-a0-1196-g3e9cee4cb2 (console) character file.

Game seed: 17200370622445897865

49 jejorda2 the Slasher (level 3, -3/30 HPs)
             Began as a Merfolk Berserker on May 27, 2021.
             Was a Believer of Trog.
             Slain by Robin
             ... wielding a +0 spear
              (7 damage)
             ... on level 2 of the Dungeon.
             The game lasted 00:02:28 (1124 turns).

jejorda2 the Slasher (Merfolk Berserker)            Turns: 1124, Time: 00:02:29

Health: -3/30      AC:  3    Str: 18    XL:     3   Next: 77%
Magic:  3/3        EV: 12    Int:  6    God:    Trog [**....]
Gold:   50         SH:  0    Dex: 13    Spells: 2/2 levels left

rFire    . . .     SeeInvis .   a - +1 short sword (elec)
rCold    . . .     Faith    .   (no shield)
rNeg     . . .     Spirit   .   d - +0 leather armour
rPois    .         Reflect  .   (no helmet)
rElec    .         Harm     .   (no cloak)
rCorr    .         Rampage  .   (no gloves)
Will     .....                  (no boots)
Stlth    +.........             (no amulet)
HPRegen  0.10/turn              (no ring)
MPRegen  0.08/turn              (no ring)

@: on berserk cooldown, slowed, very slow
A: (nimble swimmer 2), mertail
a: Renounce Religion, Berserk, Trog's Hand


You were on level 2 of the Dungeon.
You worshipped Trog.
Trog was pleased with you.
You visited 1 branch of the dungeon, and saw 2 of its levels.

You collected 50 gold pieces.

Inventory:

Hand Weapons
 a - a +1 short sword of electrocution (weapon)
 e - a +0 falchion
Armour
 d - a +0 leather armour (worn)
Scrolls
 c - a scroll of teleportation {unknown}
Potions
 b - a potion of degeneration {unknown}


   Skills:
 + Level 3.8 Fighting
 * Level 1.3(3.1) Short Blades
 - Level 4.0(4.1) Long Blades
 + Level 1.9 Armour
 - Level 2.6 Dodging


You had 2 spell levels left.
You didn't know any spells.
Your spell library was empty.

Dungeon Overview and Level Annotations

Branches:
Dungeon (2/15)

Altars:

Annotations:
D:2 Robin


Innate Abilities, Weirdness & Mutations

((You are quick and stealthy near water. (Stealth+, EV+, Speed+++)))
Your lower body shifts to a powerful aquatic tail in water.


Message History

Robin throws the goblin at you! The goblin barely misses you.
You puncture the goblin! Lightning courses through the goblin!
You feel the power of Trog in you as your rage grows.
You kill the goblin!
Trog accepts your kill.
You can now call upon Trog for regeneration and willpower.
The goblin barely misses you.
Robin hits you from afar with a +0 spear.
You puncture the goblin! Lightning courses through the goblin!
You kill the goblin!
Trog accepts your kill.
You closely miss the goblin. Robin closely misses you.
You puncture the goblin!
You kill the goblin!
Trog accepts your kill. The goblin closely misses you.
You closely miss the goblin.
Robin hits you from afar with a +0 spear!
The goblin hits you with a +0 club.
You impale the goblin!! Lightning courses through the goblin!
You kill the goblin!
Trog accepts your kill. Robin throws the goblin at you!
The goblin hits you with a +0 dagger.
* * * LOW HITPOINT WARNING * * *
You barely miss the goblin. You barely miss the goblin.
The goblin no longer looks unusually strong.
Robin closely misses you. The goblin hits you with a +0 dagger.
* * * LOW HITPOINT WARNING * * *
You puncture the goblin!
You kill the goblin!
Trog accepts your kill.
Robin hits you from afar with a +0 spear.
* * * LOW HITPOINT WARNING * * *
You are no longer berserk.
You are exhausted.
You feel yourself slow down.
Items here: ) †.
You barely miss Robin. Robin barely misses you. Robin hits you with a +0 spear!
You die...

#........# #....#####
#....# #....#########
######## ##............
##......# #....########
........# #....#
#.....g.# #....#
#......@################
#......))))†............
#.####.#################
#. #.... #. #.### #. #.#
#. #.# #. #.# #.#


You could see Robin.

Vanquished Creatures
  A gnoll (D:1)
  A worm (D:2)
  A ball python (D:1)
  2 bats (D:1)
  2 endoplasms (D:1)
  2 giant cockroaches (D:1)
  12 goblins (D:2)
  3 hobgoblins (D:2)
  3 kobolds (D:1)
  2 quokkas (D:1)
  2 rats (D:1)
31 creatures vanquished.

Notes
Turn   | Place    | Note
-------+----------+-------------------------------------------
     0 | D:1      | jejorda2 the Merfolk Berserker began the quest for the Orb.
     0 | D:1      | Reached XP level 1. HP: 18/18 MP: 1/1
   183 | D:1      | Reached XP level 2. HP: 15/24 MP: 2/2
   687 | D:1      | Found a faded altar of an unknown god.
   786 | D:1      | Reached XP level 3. HP: 29/29 MP: 3/3
   793 | D:1      | Reached skill level 4 in Long Blades
  1093 | D:2      | Noticed Robin
  1107 | D:2      | Reached skill level 1 in Short Blades
  1114 | D:2      | Reached ** piety under Trog
  1124 | D:2      | Slain by Robin

Illustrated notes

Levels and vault maps discovered:
D:1:      minmay_arrival_widening_spiral_wide, layout_basic,
          shapermc_ecumenical_altar_totnotflames
D:2:      layout_basic, uniq_natasha, uniq_sigmund, uniq_robin

Skill      XL: |  1  2  3 |
---------------+----------+-----
Long Blades    | 4 |  4.0
Short Blades   | 1 |  1.3
Fighting       | |  3.8
Armour         | |  1.9
Dodging        | |  2.6

Action                   || total
-------------------------++-------
Melee: Falchion          ||    26
       Short sword       ||    33
Invok: Berserk           ||     3
Armor: Animal skin       ||     6
       Leather armour    ||     9
Dodge: Dodged            ||    52
       Rpst.: Falchion   ||    11

Table legend: (Time is in decaauts)
 A = Elapsed time spent in this place.
 B = Non-inter-level travel time spent in this place.
 C = Inter-level travel time spent in this place.
 D = Time resting spent in this place.
 E = Time spent auto-exploring this place.
 F = Levels seen in this place.
 G = Mean time per level.
                   A        B        C        D        E       F      G
               +--------+--------+--------+--------+--------+-----+--------+
         Total |   1136 |   1131 |      5 |    415 |    552 |   2 |  568.0 |
       Dungeon |   1136 |   1131 |      5 |    415 |    552 |   2 |  568.0 |
               +--------+--------+--------+--------+--------+-----+--------+

Top non-repeatable levels by time:
     D:1: 1017 daAuts
     D:2: 119 daAuts
